 Dungeon Crawl Stone Soup version 0.31-a0-214-gb37851dbb3 (webtiles) character file.

Game seed: 18026185962203439763

2790 holysushi the Skirmisher (level 10, -2/71 (73) HPs)
             Began as a Formicid Monk on July 1, 2023.
             Was a Believer of Okawaru.
             Killed from afar by Maggie (26 damage)
             ... with a bolt of fire
             ... on level 8 of the Dungeon.
             The game lasted 00:11:07 (6136 turns).

holysushi the Skirmisher (Formicid Monk)            Turns: 6136, Time: 00:11:08

HP:   -2/71 (73)    AC:  2    Str: 16    XL:     10   Next: 2%
MP:   12/12         EV: 16    Int: 10    God:    Okawaru [**....]
Gold: 304           SH:  0    Dex: 32    Spells: 9/9 levels left

rFire   . . .        b - +3 orcbow (freeze)
rCold   . . .        d - orb {light}
rNeg    . . .        o - +0 robe
rPois   .            (helmet unavailable)
rElec   .            (no cloak)
rCorr   .            (no gloves)
SInv    +            (no boots)
Will    +....        (no amulet)
Stlth   +            h - +6 ring of dexterity
HPRegen 0.31/turn    l - +6 ring of dexterity
MPRegen 0.13/turn

%: no passive effects
@: glowing, lightly drained
A: permanent stasis, dig shafts and tunnels, antennae 3, four strong arms
a: Dig, Shaft Self, Renounce Religion, Heroism


You were on level 8 of the Dungeon.
You worshipped Okawaru.
Okawaru was pleased with you.
You visited 2 branches of the dungeon, and saw 9 of its levels.

You collected 334 gold pieces.
You spent 30 gold pieces at shops.

Inventory:

Hand Weapons
 a - a +1 short sword of draining
 b - a +3 orcbow of freezing (weapon)
Armour
 d - an orb of light (worn)
 o - a +0 robe (worn)
Jewellery
 h - a +6 ring of dexterity (left hand)
 i - a +5 ring of evasion
 l - a +6 ring of dexterity (right hand)
 u - a ring of protection from cold
 w - a ring of positive energy
 y - a ring of poison resistance
Scrolls
 e - 2 scrolls of fog
 n - 2 scrolls of noise
 p - a scroll of torment
 q - a scroll of poison {unknown}
 s - a scroll of enchant armour {unknown}
 x - a scroll of amnesia {unknown}
Potions
 c - a potion of ambrosia
 f - 3 potions of lignification
 g - 2 potions of enlightenment
 j - a potion of brilliance
 k - 2 potions of curing
 m - 3 potions of attraction
 r - 2 potions of might {unknown}
 t - a potion of mutation {unknown}
 v - a potion of heal wounds {unknown}


   Skills:
 - Level 4.4 Fighting
 - Level 4.0 Short Blades
 - Level 11.4 Ranged Weapons
 + Level 4.1 Dodging
 - Level 2.0 Stealth
 + Level 2.8 Invocations


You had 9 spell levels left.
You didn't know any spells.
Your spell library contained the following spells:

 Spells                   Type           Power      Damage    Failure   Level
 Apportation              Tloc           0%         N/A       36%         1
 Ensorcelled Hibernation  Hex/Ice        0%         N/A       50%         2
 Lesser Beckoning         Tloc           0%         N/A       50%         2
 Momentum Strike          Conj/Tloc      0%         3d8       50%         2
 Ozocubu's Armour         Ice            0%         N/A       75%         3
 Spider Form              Tmut/Pois      0%         N/A       75%         3
 Anguish                  Hex/Necr       0%         N/A       98%         4
 Alistair's Intoxication  Tmut/Pois      0%         N/A       100%        5
 Orb of Destruction       Conj           0%         9d5       100%        7
 Ozocubu's Refrigeration  Ice            0%         4d7       100%        7
 Blink                    Tloc           Unusable   N/A       N/A         2
 Summon Guardian Golem    Hex/Summ       Unusable   N/A       N/A         3
 Malign Gateway           Summ/Tloc      Unusable   N/A       N/A         7
 Spellforged Servitor     Conj/Summ      Unusable   N/A       N/A         7
 Summon Horrible Things   Summ           Unusable   N/A       N/A         8

Dungeon Overview and Level Annotations

Branches:
Dungeon (8/15) Zot: 26466  Temple (1/1) D:7 Zot: 5796
   Lair: D:8-11

Altars:
Ashenzari
Cheibriados
Dithmenos
Elyvilon
Fedhas
Gozag
Hepliaklqana
Kikubaaqudgha
Makhleb
Nemelex Xobeh
Okawaru
Qazlal
Ru
Sif Muna
Trog
Uskayaw
Vehumet
Wu Jian
Xom
Yredelemnul
Zin
The Shining One

Shops:
D:5 *

Annotations:
D:8 Maggie


Innate Abilities, Weirdness & Mutations

You cannot be hasted, slowed, berserked, paralysed or teleported.
You can dig through walls and to a lower floor.
You have a pair of large antennae on your head. (SInv)
Your four strong arms can wield two-handed weapons with a shield.


Message History

You shoot an arrow. The arrow closely misses the white imp.
The white imp puffs mist at you. The white imp gestures at you.
The puff of frost hits you.
You shoot an arrow. The arrow barely misses the white imp.
You shoot an arrow. The arrow hits the white imp!
The arrow freezes the white imp.
You kill the white imp!
Okawaru accepts your kill.
No target in view!
No target in view!
Magic restored.
You sense a monster nearby.
Maggie the Vainglorious comes into view.
She is wielding a +1 long sword of flaming, wearing the amulet of Elemental Vulnerability {rPois rF-- rC-- AC+8} and carrying a wand of mindburst (14).
Maggie is nearby!
Maggie is nearby!
You shoot an arrow.
The arrow hits Maggie but does no damage.
You aren't carrying any items that you can evoke.
Unknown command.
Okay, then.
Okay, then.
Press: ? - help, v - describe, . - travel
Here: Maggie, wielding a +1 long sword of flaming, wearing +1 swamp dragon scales, wearing the amulet of Elemental Vulnerability {rPois rF-- rC-- AC+8} and carrying a wand of mindburst (14) (haloed)
The floor.
Okay, then.
Okay, then.
Unknown command.
A kobold comes into view. It is wielding a +0 dagger.
The kobold moves out of view.
Maggie zaps a wand.
Your mind is blasted!
The kobold shouts!
A kobold comes into view. It is wielding a +0 short sword.
Maggie casts a spell.
Maggie attempts to bespell you! You resist with almost no effort.
Maggie zaps a wand.
Your mind is blasted!
There is a stone staircase leading up here.
Maggie points at you and mumbles some strange words.
The bolt of fire hits you!!
You die...

### ... #.# #.# .{ #
#.# ...#. #.#
.....#.#######.###
.....K...........#
.#>..#.#...@..(###
........K........#
...#.#....######
....#........# #
#.#.#.##.###.#
#..#####.#.@........#
#........#.##########
#†...........
#.###.#######


You could see Maggie and 2 kobolds.

Vanquished Creatures
  Grinder (D:5)
  2 orc warriors
  2 sky beasts (D:7)
  An ice beast (D:7)
  A black bear (D:4)
  3 ogres
  2 wolves
  2 kobold brigands (D:8)
  A bullfrog (D:6)
  A gnoll sergeant (D:7)
  3 scorpions
  2 wights (D:7)
  5 killer bees (D:7)
  2 howler monkeys
  2 electric eels (D:8)
  A jelly (D:5)
  5 orc priests
  2 hounds
  2 sleepcaps
  3 iguanas
  4 orc wizards
  8 adders
  7 gnolls
  A shadow imp (D:5)
  6 white imps
  3 ufetubi
  A dart slug (D:1)
  15 orcs
  7 ball pythons
  A bat (D:2)
  6 endoplasms
  3 giant cockroaches
  5 hobgoblins
  4 quokkas
  4 goblins
  10 kobolds
  2 rats (D:1)
130 creatures vanquished.

Notes
Turn   | Place    | Note
-------+----------+-------------------------------------------
     0 | D:1      | holysushi the Formicid Monk began the quest for the Orb.
     0 | D:1      | Reached XP level 1. HP: 18/18 MP: 1/1
   249 | D:1      | Reached XP level 2. HP: 24/24 MP: 2/2
   926 | D:1      | Reached XP level 3. HP: 18/27 MP: 3/3
  1429 | D:2      | Reached skill level 1 in Stealth
  1711 | D:2      | Reached XP level 4. HP: 37/37 MP: 4/4
  2406 | D:3      | Found a faded altar of an unknown god.
  2680 | D:4      | Noticed a black bear
  2688 | D:4      | Killed a black bear
  2689 | D:4      | Reached XP level 5. HP: 42/42 MP: 5/5
  2740 | D:4      | Reached XP level 6. HP: 49/49 MP: 6/6
  2790 | D:4      | Found a white marble altar of Elyvilon.
  2976 | D:5      | Entered Level 5 of the Dungeon
  2996 | D:5      | Reached skill level 1 in Ranged Weapons
  3022 | D:5      | Reached skill level 2 in Ranged Weapons
  3118 | D:5      | Found a basalt altar of Yredelemnul.
  3165 | D:5      | Reached skill level 3 in Ranged Weapons
  3266 | D:5      | Reached XP level 7. HP: 55/55 MP: 7/7
  3267 | D:5      | Noticed Grinder
  3291 | D:5      | Reached skill level 4 in Ranged Weapons
  3309 | D:5      | Killed Grinder
  3310 | D:5      | Reached skill level 5 in Ranged Weapons
  3361 | D:5      | Found Ediywob's Assorted Antiques.
  3370 | D:5      | Bought a scroll labelled JEES FAQIQOCW for 30 gold pieces
  3390 | D:5      | Reached XP level 8. HP: 57/61 MP: 8/8
  3391 | D:5      | Reached skill level 6 in Ranged Weapons
  3747 | D:6      | Found a blossoming altar of Fedhas.
  3794 | D:6      | Reached skill level 7 in Ranged Weapons
  4208 | D:6      | Reached skill level 8 in Ranged Weapons
  4593 | D:7      | Reached skill level 9 in Ranged Weapons
  4593 | D:7      | Reached XP level 9. HP: 66/66 MP: 9/9
  4893 | D:7      | Reached skill level 10 in Ranged Weapons
  5109 | D:7      | Found a staircase to the Ecumenical Temple.
  5146 | Temple   | Entered the Ecumenical Temple
  5342 | Temple   | Became a worshipper of Warmaster Okawaru
  5342 | Temple   | Reached * piety under Okawaru
  5342 | Temple   | Reached ** piety under Okawaru
  5607 | D:8      | Found a snail-covered altar of Cheibriados.
  5639 | D:8      | Reached skill level 11 in Ranged Weapons
  5743 | D:8      | Noticed a troll
  5745 | D:8      | Reached skill level 1 in Invocations
  6000 | D:7      | Reached XP level 10. HP: 52/70 MP: 11/11
  6125 | D:8      | Noticed Maggie
  6136 | D:8      | Killed from afar by Maggie

Illustrated notes

Levels and vault maps discovered:
D:1:      lemuel_arrival_tunnels, layout_basic, minmay_surrounded
D:2:      layout_basic
D:3:      layout_basic, ebering_ecumenical_altar_abandoned
D:4:      layout_rooms, lemuel_crystal_altar
D:5:      layout_basic, mainiacjoe_overflow_chevrons, serial_shops,
          shop_fountains, uniq_grinder
D:6:      layout_basic, lemuel_tele_altar
D:7:      layout_loops_cross, minmay_temple_entry_waves
D:8:      layout_basic, cheibriados_altar_1, erik_lair_island, uniq_maggie
Temple:   hc_temple_tempest_star

Skill      XL: |  1  2  3  4  5  6  7  8  9 |
---------------+----------------------------+-----
Dodging        | 3 4 |  4.1
Stealth        | 1 2 |  2.0
Fighting       | 4 |  4.4
Short Blades   | 4 |  4.0
Ranged Weapons | 3 5 9 11 | 11.4
Invocations    | 2 |  2.8

Action                     |  1- 3 |  4- 6 |  7- 9 | 10-12 || total
---------------------------+-------+-------+-------+-------++-------
  Melee: Short sword       |    92 |       |       |       ||    92
   Fire: Orcbow            |     1 |    58 |   169 |     8 ||   236
Ability: Dig               |     2 |       |       |       ||     2
    Use: Scroll            |       |    13 |     2 |       ||    15
         Potion            |       |       |     1 |       ||     1
   Stab: Sleeping          |     1 |       |       |       ||     1
 Armour: Robe              |    13 |     2 |     4 |       ||    19
  Dodge: Dodged            |    49 |    21 |    45 |       ||   115

Table legend: (Time is in decaauts)
 A = Elapsed time spent in this place.
 B = Non-inter-level travel time spent in this place.
 C = Inter-level travel time spent in this place.
 D = Time resting spent in this place.
 E = Time spent auto-exploring this place.
 F = Levels seen in this place.
 G = Mean time per level.
                   A        B        C        D        E       F      G
               +--------+--------+--------+--------+--------+-----+--------+
         Total |   6159 |   5952 |    207 |    475 |   4332 |   9 |  684.3 |
       Dungeon |   5956 |   5754 |    202 |    475 |   4170 |   8 |  744.5 |
        Temple |    203 |    198 |      5 |      0 |    162 |   1 |  203.0 |
               +--------+--------+--------+--------+--------+-----+--------+

Top non-repeatable levels by time:
     D:1: 1218 daAuts
     D:6: 1108 daAuts
     D:7: 995 daAuts
     D:2: 825 daAuts
     D:5: 580 daAuts
     D:3: 573 daAuts
     D:4: 419 daAuts
     D:8: 235 daAuts
  Temple: 203 daAuts
